 Dungeon Crawl Stone Soup version 0.30-a0-1066-g63dfefce0d (webtiles) character file.

Game seed: 12760845276472394151

389 cforsyth the Caller (level 6, -13/36 HPs)
             Began as an Octopode Summoner on Apr 13, 2023.
             Mangled by Maggie
             ... wielding a +1 heavy halberd
              (30 damage)
             ... on level 6 of the Dungeon.
             The game lasted 00:09:01 (3587 turns).

cforsyth the Caller (Octopode Summoner)             Turns: 3587, Time: 00:09:01

Health: -13/36     AC:  1    Str:  4 (7)  XL:     6   Next: 79%
Magic:  7/12       EV: 13    Int: 18 (19) God:
Gold:   151        SH:  0    Dex: 18 (19) Spells: 0/13 levels left

rFire   . . .      SeeInvis .    (no weapon)
rCold   . . .      Faith    .    (no shield)
rNeg    . . .      Spirit   .    (helmet restricted)
rPois   .          Reflect  .    (no amulet)
rElec   .          Rampage  .    b - +6 ring of dexterity
rCorr   .                        (no ring)
Will    .....                    (no ring)
Stlth   +++                      (no ring)
HPRegen 0.26/turn                (no ring)
MPRegen 0.13/turn                (no ring)
                                 (no ring)
                                 (no ring)

@: brilliant, mesmerised
A: almost no armour, amphibious, 8 rings, camouflage 1, gelatinous body 1,
(nimble swimmer 1), tentacles
a: no special abilities


You were on level 6 of the Dungeon.
You visited 2 branches of the dungeon, and saw 6 of its levels.

You collected 151 gold pieces.

Inventory:

Jewellery
 b - a +6 ring of dexterity (left tentacle)
Wands
 s - a wand of polymorph (9)
Scrolls
 d - a scroll of identify
 f - a scroll of silence
 i - a scroll of enchant weapon
 j - 4 scrolls of immolation
 n - 3 scrolls of teleportation
Potions
 c - a potion of might {unknown}
 g - 3 potions of brilliance
 h - a potion of degeneration
 o - a potion of mutation {unknown}
 q - a potion of flight {unknown}
 r - a potion of heal wounds {unknown}


   Skills:
 - Level 2.0 Dodging
 - Level 2.6 Stealth
 + Level 4.3 Spellcasting
 + Level 2.0 Hexes
 + Level 5.9 Summonings
 + Level 1.2 Air Magic


You couldn't memorise any spells.
You knew the following spells:

 Your Spells              Type           Power      Damage    Failure   Level
a - Summon Small Mammal   Summ           100%       N/A       1%          1
b - Call Imp              Summ           74%        N/A       1%          2
c - Call Canine Familiar  Summ           37%        N/A       3%          3
d - Summon Guardian Gole  Hex/Summ       27%        N/A       9%          3
e - Summon Lightning Spi  Summ/Air       25%        N/A       32%         4

Your spell library contained the following spells:

 Spells                   Type           Power      Damage    Failure   Level
 Beastly Appendage        Tmut           10%        N/A       14%         1
 Ensorcelled Hibernation  Hex/Ice        22%        N/A       14%         2
 Passwall                 Tmut/Erth      4%         N/A       22%         2
 Wereblood                Tmut           5%         N/A       22%         2
 Swiftness                Air            12%        N/A       26%         3
 Spider Form              Tmut/Pois      5%         N/A       38%         3


Dungeon Overview and Level Annotations

Branches:
Dungeon (6/15)             Temple (1/1) D:4

Altars:
Ashenzari
Cheibriados
Dithmenos
Elyvilon
Hepliaklqana
Kikubaaqudgha
Makhleb
Nemelex Xobeh
Okawaru
Qazlal
Uskayaw
Vehumet
Zin
The Shining One

Shops:
D:1 [   D:3 [

Annotations:
D:6 Maggie


Innate Abilities, Weirdness & Mutations

You cannot wear most types of armour.
You are amphibious.
You can wear up to eight rings at the same time.
Your skin changes colour to match your surroundings (Stealth+).
Your rubbery body absorbs attacks. (AC +1, EV +1)
((You are camouflaged when in or above water. (Stealth+)))
You have tentacles for arms and can constrict up to eight enemies at once.


Message History

Maggie attempts to bespell you!
You are mesmerised by Maggie!
Your hound barely misses Maggie.
Your guardian golem is engulfed in blazing flames.
You feel better.
You hear the rusting of a very distant drain.
Your hound bites Maggie but does no damage.
Maggie barely misses you.
Your guardian golem is engulfed in blazing flames.
Your hound barely misses Maggie.
Unknown command.
Unknown command.
Your hound closely misses Maggie.
Your guardian golem is engulfed in blazing flames.
Maggie hits you from afar with a +1 heavy halberd!
* * * LOW HITPOINT WARNING * * *
Unknown command.
Press: ? - help, v - describe, . - travel, g - get item Item here: a +6 ring of strength.
The floor, spattered with blood.
Okay, then.
You feel better.
Your hound barely misses Maggie.
Your guardian golem is engulfed in blazing flames.
Your guardian golem overheats!
Your hound bites Maggie.
It was a potion of brilliance.
You feel clever all of a sudden. Maggie barely misses you.
Your hound bites Maggie but does no damage.
Your guardian golem is engulfed in blazing flames.
Flame seeps out of your guardian golem.
It was a potion of degeneration.
There was something very wrong with that liquid.
You feel weakened.
You feel dopey.
You feel clumsy.
Your hound bites Maggie but does no damage.
Your guardian golem is engulfed in blazing flames.
Flame seeps out of your guardian golem.
Your hound closely misses Maggie.
Maggie hits you from afar with a +1 heavy halberd!!
Ouch! That really hurt!
You die...

#.. ##+## #.. #@.°#######+#..
#=.9..........#
#..@§°........# ###
########..h.........@#
##'###..................§.#
##...#######..............§###
#.....#...§#.....#######+#§§§#
#.....#...§'.....#.....#§§.§##
#.....#....#.....#.....+§§§§#


You could see Maggie (mesmerising, ally target), a friendly guardian golem
(summoned, inner flame) and a friendly hound (summoned, sheltered).

Vanquished Creatures
  A worm (D:2)
  A dart slug (D:1)
  2 orcs (D:2)
  A bat (D:1)
  2 endoplasms (D:1)
  5 goblins
  A hobgoblin (D:1)
  A kobold (D:2)
  A quokka (D:1)
  4 ball pythons
  2 frilled lizards
  2 rats (D:2)
23 creatures vanquished.

Vanquished Creatures (collateral kills)
  A jelly (D:6)
  Robin (D:3)
  4 gnolls (D:3)
  A worm (D:3)
  A dart slug (D:3)
  3 orcs (D:2)
  2 ball pythons
  4 endoplasms
  A giant cockroach (D:2)
  13 goblins
  6 hobgoblins
  4 jackals
  4 kobolds
  8 bats
  3 frilled lizards
  4 rats (D:2)
60 creatures vanquished.

Vanquished Creatures (others)
  Edmund (D:6)
  An ice beast (D:3)
2 creatures vanquished.

Grand Total: 85 creatures vanquished

Notes
Turn   | Place    | Note
-------+----------+-------------------------------------------
     0 | D:1      | cforsyth the Octopode Summoner began the quest for the Orb.
     0 | D:1      | Reached XP level 1. HP: 11/11 MP: 3/3
   168 | D:1      | Found a faded altar of an unknown god.
   223 | D:1      | Reached XP level 2. HP: 9/17 MP: 1/5
   680 | D:1      | Learned a level 2 spell: Call Imp
   815 | D:1      | Found Ziriehar's Antique Armour Emporium.
  1093 | D:2      | Reached XP level 3. HP: 21/21 MP: 1/7
  1097 | D:2      | Learned a level 3 spell: Call Canine Familiar
  1743 | D:2      | Reached XP level 4. HP: 25/27 MP: 2/8
  1758 | D:2      | Learned a level 3 spell: Summon Guardian Golem
  2215 | D:3      | Noticed an ice beast
  2237 | D:3      | Killed an ice beast
  2238 | D:3      | Reached skill level 5 in Summonings
  2238 | D:3      | Reached XP level 5. HP: 31/31 MP: 2/10
  2529 | D:3      | Found Wialan's Armour Shop.
  2720 | D:3      | Found a stormy altar of Qazlal.
  2724 | D:3      | Found a glowing silver altar of Zin.
  2733 | D:3      | Found a snail-covered altar of Cheibriados.
  2742 | D:3      | Found an iron altar of Okawaru.
  2796 | D:3      | Found a burning altar of Makhleb.
  2801 | D:3      | Found a broken altar of Ashenzari.
  2837 | D:3      | Noticed Robin
  2853 | D:3      | Killed Robin
  2893 | D:3      | Reached skill level 1 in Hexes
  2896 | D:3      | Reached XP level 6. HP: 27/36 MP: 6/12
  3082 | D:3      | Learned a level 4 spell: Summon Lightning Spire
  3103 | D:4      | Found a staircase to the Ecumenical Temple.
  3140 | Temple   | Entered the Ecumenical Temple
  3329 | D:4      | You fall into a shaft and drop 2 floors!
  3369 | D:6      | Noticed Maggie
  3520 | D:6      | Noticed Edmund
  3558 | D:6      | Killed Edmund
  3559 | D:6      | Reached skill level 1 in Air Magic
  3581 | D:6      | HP: 1/36 [Maggie/bolt of fire (16)]
  3587 | D:6      | Mangled by Maggie

Illustrated notes

Levels and vault maps discovered:
D:1:      lightli_arrival_flooded_house, layout_basic,
          dreamdust_ecumenical_altar_angels_and_demons, serial_shops,
          nicolae_diamond_shop
D:2:      layout_loops_ring, wad_floor_pattern_untrapped, st_stairs_2
D:3:      layout_basic, nicolae_overflow_hallway_of_the_gods, serial_shops,
          nicolae_diamond_shop, uniq_robin
D:4:      layout_basic, nicolae_wu_jian_immortal_techniques,
          minmay_temple_entry_purple_smoke
D:6:      layout_gridville, mainiacjoe_overflow_surrounded_room,
          nicolae_gozag_seed_capital, gup_sewer_entry_glass,
          uniq_crazy_yiuf_cottage, uniq_maggie, uniq_edmund
Temple:   nicolae_temple_superstar

Skill      XL: |  1  2  3  4  5  6 |
---------------+-------------------+-----
Spellcasting   | 3 4 |  4.3
Summonings     | 5 |  5.9
Hexes          | 1 2 |  2.0
Air Magic      | 1 |  1.2
Dodging        | |  2.0
Stealth        | |  2.6

Action                     |  1- 3 |  4- 6 || total
---------------------------+-------+-------++-------
  Melee: Unarmed           |    63 |    18 ||    81
         Tentacles         |    16 |     6 ||    22
         Constrict         |    22 |     5 ||    27
   Cast: Summon Small Mamm |    34 |    14 ||    48
         Call Imp          |     9 |    10 ||    19
         Call Canine Famil |     5 |    14 ||    19
         Summon Guardian G |       |     6 ||     6
         Summon Lightning  |       |     2 ||     2
    Use: Scroll            |       |    11 ||    11
         Potion            |       |     6 ||     6
   Stab: Sleeping          |     6 |       ||     6
 Armour: Skin              |     2 |     7 ||     9
  Dodge: Dodged            |    40 |    26 ||    66

Table legend: (Time is in decaauts)
 A = Elapsed time spent in this place.
 B = Non-inter-level travel time spent in this place.
 C = Inter-level travel time spent in this place.
 D = Time resting spent in this place.
 E = Time spent auto-exploring this place.
 F = Levels seen in this place.
 G = Mean time per level.
                   A        B        C        D        E       F      G
               +--------+--------+--------+--------+--------+-----+--------+
         Total |   3584 |   3520 |     64 |    296 |   2418 |   6 |  597.3 |
       Dungeon |   3482 |   3431 |     51 |    296 |   2338 |   5 |  696.4 |
        Temple |    101 |     88 |     13 |      0 |     80 |   1 |  101.0 |
               +--------+--------+--------+--------+--------+-----+--------+

Top non-repeatable levels by time:
     D:1: 1087 daAuts
     D:2: 1037 daAuts
     D:3: 969 daAuts
     D:6: 256 daAuts
     D:4: 132 daAuts
  Temple: 101 daAuts
